 Dungeon Sprint DCSS version 0.21-a0-314-gb3271ec (webtiles) character file.

10638 potatolord6000 the Martial Artist (level 11, -5/92 HPs)
             Began as a Gnoll Transmuter on Sept 29, 2017.
             Was the Champion of Sif Muna.
             Killed from afar by a deep elf knight (41 damage)
             ... with a shard of ice
             ... in the Dungeon (Sprint VII: "The Pits").
             The game lasted 00:19:07 (3026 turns).

potatolord6000 the Martial Artist (GnTm)            Turns: 3026, Time: 00:19:08

Health: -5/92      AC:  4    Str: 15    XL:     11   Next: 65%
Magic:  17/26      EV: 21    Int: 19    God:    Sif Muna [******]
Gold:   35         SH:  0    Dex: 19    Spells: 2/32 levels left

rFire    . . .     SeeInvis .     - Unarmed
rCold    . . .     Gourm    .   (shield currently unavailable)
rNeg     . . .     Faith    .   b - +0 robe
rPois    .         Spirit   .   (no helmet)
rElec    .         Reflect  .   (no cloak)
rCorr    .         Harm     .   (gloves currently unavailable)
MR       .....     NoTele   +   u - +0 pair of boots
Stlth    +++++.....             (no amulet)
HPRegen  0.25/turn              q - +3 ring of intelligence
MPRegen  0.20/turn              r - +3 ring of dexterity

@: blade hands
A: distributed training, fangs 1, strong nose
a: End Transformation, Divine Energy, Channel Magic, Forget Spell, Renounce
Religion


You were in the Dungeon.
You worshipped Sif Muna.
Sif Muna was exalted by your worship.
You were very full.
You had blades for hands.
You visited 1 branch You collected 35 gold pieces.

Inventory:

Armour
 b - a +0 robe (worn)
 u - a +0 pair of boots (worn)
Jewellery
 q - a +3 ring of intelligence (left scythe-like blade)
 r - a +3 ring of dexterity (right scythe-like blade)
Scrolls
 i - 3 scrolls of fear
 l - 3 scrolls of remove curse
 m - 4 scrolls of amnesia
 s - 2 scrolls of blinking
 t - 4 scrolls of enchant weapon
 w - 2 scrolls of identify
Potions
 c - a potion of might
 e - 9 potions of curing
 h - 2 potions of magic
 k - a potion of berserk rage
 v - 10 potions of heal wounds
Books
 j - Vuife's Grimoire of Unstable Aid
   (You found it in the Dungeon)

   Spells                             Type                      Level
   a - Shroud of Golubria             Charms/Translocation         2
   b - Swiftness                      Charms/Air                   2
   c - Yara's Violent Unravelling     Hexes/Transmutation          5
   d - Alistair's Intoxication        Transmutation/Poison         5
   e - Hydra Form                     Transmutation                6
Comestibles
 d - 10 bread rations
 o - 40 fruits
 p - 3 meat rations


   Skills:
 + Level 10.8 Fighting
 + Level 10.3 Short Blades
 + Level 10.5 Long Blades
 + Level 9.5 Axes
 + Level 9.7 Maces & Flails
 + Level 10.3 Polearms
 + Level 10.0 Staves
 + Level 10.2 Slings
 + Level 10.0 Bows
 + Level 10.1 Crossbows
 + Level 10.1 Throwing
 + Level 10.3 Armour
 + Level 10.9 Dodging
 + Level 9.7 Stealth
   Level 0.0 Stabbing
 + Level 9.7 Shields
   Level 0.0 Traps
 + Level 11.6 Unarmed Combat
 + Level 11.3 Spellcasting
 + Level 9.9 Conjurations
 + Level 10.1 Hexes
 + Level 10.0 Charms
 + Level 10.1 Summonings
 + Level 10.3 Necromancy
 + Level 10.9 Translocations
 + Level 11.2 Transmutations
 + Level 10.4 Fire Magic
 + Level 9.6 Ice Magic
 + Level 9.9 Air Magic
 + Level 9.6 Earth Magic
 + Level 10.4 Poison Magic
 + Level 10.4 Invocations
 + Level 10.0 Evocations


You had 2 spell levels left.
You knew the following spells:

 Your Spells              Type           Power        Failure   Level  Hunger
a - Summon Greater Demon  Summ           #####.....   93%         7    #######
b - Ice Form              Ice/Tmut       ######..     14%         4    ##.....
c - Blade Hands           Tmut           ######....   21%         5    ####...
d - Tukima's Dance        Hex            #####...     10%         3    None
e - Control Undead        Necr           ######....   14%         4    ##.....
f - Spellforged Servitor  Conj/Summ      #####.....   94%         7    #######


Dungeon Overview and Level Annotations

Branches:
Dungeon (1/1)

Altars:
Ashenzari
Cheibriados
Dithmenos
Elyvilon
Fedhas
Gozag
Hepliaklqana
Kikubaaqudgha
Makhleb
Nemelex Xobeh
Okawaru
Qazlal
Ru
Sif Muna
Trog
Uskayaw
Vehumet
Wu Jian
Xom
Yredelemnul
Zin
The Shining One
Beogh
Jiyva
Lugonu


Innate Abilities, Weirdness & Mutations

Your experience applies equally to all skills.
You have very sharp teeth.
Your uncanny sense of smell can sniff out nearby items.


Message History

Your Crossbows skill increases to level 10!
Your Hexes skill increases to level 10!
Your Charms skill increases to level 10!
Your Summonings skill increases to level 10!
The red devil hits you from afar with a trident.
Something hits you but does no damage. The deep elf mage barely misses you.
You shred the deep elf mage!!!
You kill the deep elf mage!
Sif Muna accepts your kill.
Your Staves skill increases to level 10!
Your Evocations skill increases to level 10!
The red devil hits you from afar with a trident.
Something hits you!
You closely miss something. Your bite misses something.
Unknown command.
You closely miss something. The red devil closely misses you.
You hear some strange, mumbled words.
A shard of ice appears from out of thin air!
The shard of ice hits you!
You die...

∆∆∆∆∆
########################
.....)..........{.......
....:†.........)@)4.....
#############++#########
∆∆ ∆∆ ∆ ∆∆ ∆∆∆ ∆ ∆∆ ∆∆ ∆


You could see a red devil.

Vanquished Creatures
  A great orb of eyes (D)
  A flayed ghost (D)
  An orc knight (D)
  6 deep elf magi (D)
  A manticore (D)
  A molten gargoyle (D)
  A spiny frog (D)
  2 komodo dragons (D)
  A hellwing (D)
  A demonic crawler (D)
  A red devil (D)
  2 hippogriffs (D)
  A wyvern (D)
  A redback (D)
  A wraith (D)
  A fire elemental (D)
  A fire bat (D)
  A small abomination (D)
  A basilisk (D)
  A steam dragon (D)
  2 vampire mosquitoes (D)
  Edmund (D)
  A soldier ant (D)
  A floating eye (D)
  2 orc warriors (D)
  An ice beast (D)
  2 phantoms (D)
  8 wolves (D)
  A bullfrog (D)
  A scorpion (D)
  A wight (D)
  An orc wizard (D)
  An iron imp (D)
  Terence (D)
  A worker ant (D)
  2 gnolls (D)
  An adder (D)
  An ufetubus (D)
  2 oozes (D)
  A leopard gecko (D)
  3 orcs (D)
  3 bats (D)
  2 jackals (D)
  A kobold (D)
  A rat (D)
69 creatures vanquished.

Vanquished Creatures (collateral kills)
  An orc high priest (D)
  An orc knight (D)
  A rime drake (D)
  A komodo dragon (D)
  A jumping spider (D)
  A bog body (D)
  A large abomination (D)
  2 orc warriors (D)
  A wolf (D)
  Crazy Yiuf (D)
  4 orc priests (D)
  3 orc wizards (D)
  9 orcs (D)
27 creatures vanquished.

Vanquished Creatures (others)
  A jackal (D)
1 creature vanquished.

Grand Total: 97 creatures vanquished

Notes
Turn   | Place    | Note
-------+----------+-------------------------------------------
     0 | D        | potatolord6000 the Gnoll Transmuter began the quest for the Orb.
     0 | D        | Reached XP level 1. HP: 17/17 MP: 6/6
    18 | D        | Reached skill level 1 in Slings
    18 | D        | Reached skill level 1 in Throwing
    18 | D        | Reached skill level 5 in Dodging
    18 | D        | Reached skill level 5 in Spellcasting
    18 | D        | Reached skill level 1 in Charms
    18 | D        | Reached skill level 1 in Summonings
    18 | D        | Reached skill level 1 in Necromancy
    18 | D        | Reached skill level 1 in Invocations
    18 | D        | Reached skill level 1 in Evocations
    46 | D        | Found a bloodstained altar of Trog.
    46 | D        | Found a deep blue altar of Sif Muna.
    46 | D        | Found a viscous altar of Jiyva.
    46 | D        | Found a hazy altar of Hepliaklqana.
    46 | D        | Found an opulent altar of Gozag.
    47 | D        | Found a glowing golden altar of the Shining One.
    47 | D        | Found a glowing silver altar of Zin.
    47 | D        | Found a basalt altar of Yredelemnul.
    47 | D        | Found a shimmering altar of Xom.
    47 | D        | Found an ornate altar of the Wu Jian Council.
    47 | D        | Found a sacrificial altar of Ru.
    47 | D        | Found a stormy altar of Qazlal.
    47 | D        | Found an iron altar of Okawaru.
    47 | D        | Found a sparkling altar of Nemelex Xobeh.
    47 | D        | Found a burning altar of Makhleb.
    47 | D        | Found a blossoming altar of Fedhas.
    47 | D        | Found a white marble altar of Elyvilon.
    47 | D        | Found a shadowy altar of Dithmenos.
    47 | D        | Found a snail-covered altar of Cheibriados.
    49 | D        | Found a radiant altar of Vehumet.
    49 | D        | Found a corrupted altar of Lugonu.
    49 | D        | Found a roughly hewn altar of Beogh.
    51 | D        | Found an ancient bone altar of Kikubaaqudgha.
    51 | D        | Found a hide-covered altar of Uskayaw.
    51 | D        | Found a shattered altar of Ashenzari.
    54 | D        | Became a worshipper of Sif Muna the Loreminder
   203 | D        | Reached skill level 1 in Translocations
   203 | D        | Reached skill level 1 in Ice Magic
   203 | D        | Reached skill level 1 in Poison Magic
   203 | D        | Reached XP level 2. HP: 23/23 MP: 6/8
   209 | D        | Reached skill level 1 in Short Blades
   209 | D        | Reached skill level 1 in Long Blades
   209 | D        | Reached skill level 1 in Crossbows
   229 | D        | Reached skill level 1 in Shields
   229 | D        | Reached skill level 1 in Conjurations
   373 | D        | Reached * piety under Sif Muna
   382 | D        | Reached skill level 1 in Polearms
   396 | D        | Reached skill level 1 in Axes
   396 | D        | Reached XP level 3. HP: 14/30 MP: 8/10
   574 | D        | Noticed a phantom
   574 | D        | Noticed Edmund
   576 | D        | Noticed a bullfrog
   589 | D        | Reached skill level 1 in Maces & Flails
   589 | D        | Reached skill level 1 in Staves
   589 | D        | Reached skill level 1 in Armour
   589 | D        | Reached skill level 1 in Stealth
   589 | D        | Reached skill level 5 in Transmutations
   589 | D        | Reached skill level 1 in Air Magic
   589 | D        | Reached XP level 4. HP: 37/37 MP: 11/11
   595 | D        | Killed Edmund
   595 | D        | Reached ** piety under Sif Muna
   595 | D        | Reached XP level 5. HP: 43/43 MP: 11/13
   597 | D        | Reached skill level 5 in Fighting
   597 | D        | Reached XP level 6. HP: 51/51 MP: 11/15
   655 | D        | Learned a level 4 spell: Ice Form
   661 | D        | Learned a level 5 spell: Blade Hands
   861 | D        | Noticed a phantom
   869 | D        | Killed a phantom
   869 | D        | Reached skill level 5 in Short Blades
   869 | D        | Reached skill level 5 in Long Blades
   869 | D        | Reached skill level 5 in Translocations
   869 | D        | Reached skill level 5 in Invocations
   886 | D        | Killed a phantom
   886 | D        | Reached *** piety under Sif Muna
   886 | D        | Reached skill level 5 in Polearms
   886 | D        | Reached skill level 5 in Slings
   886 | D        | Reached skill level 5 in Crossbows
   886 | D        | Reached skill level 5 in Conjurations
   886 | D        | Reached skill level 5 in Charms
   886 | D        | Reached XP level 7. HP: 55/57 MP: 14/17
  1021 | D        | Noticed Terence
  1025 | D        | Killed Terence
  1025 | D        | Reached skill level 5 in Armour
  1027 | D        | Noticed a redback
  1030 | D        | Killed a redback
  1030 | D        | Reached skill level 5 in Axes
  1030 | D        | Reached skill level 5 in Staves
  1030 | D        | Reached skill level 5 in Bows
  1030 | D        | Reached skill level 5 in Throwing
  1030 | D        | Reached skill level 5 in Shields
  1030 | D        | Reached skill level 5 in Hexes
  1030 | D        | Reached skill level 5 in Summonings
  1030 | D        | Reached skill level 5 in Necromancy
  1030 | D        | Reached skill level 5 in Fire Magic
  1030 | D        | Reached skill level 5 in Ice Magic
  1030 | D        | Reached skill level 5 in Evocations
  1041 | D        | Reached **** piety under Sif Muna
  1041 | D        | Reached skill level 5 in Air Magic
  1041 | D        | Reached skill level 5 in Poison Magic
  1048 | D        | Noticed a fire bat
  1048 | D        | Noticed a deep elf mage
  1048 | D        | Noticed a steam dragon
  1054 | D        | Killed a steam dragon
  1054 | D        | Reached skill level 5 in Maces & Flails
  1054 | D        | Reached skill level 5 in Stealth
  1054 | D        | Reached XP level 8. HP: 41/67 MP: 18/20
  1055 | D        | Reached skill level 5 in Earth Magic
  1060 | D        | Killed a deep elf mage
  1406 | D        | Noticed an orc knight
  1406 | D        | Noticed a hellwing
  1408 | D        | Reached ***** piety under Sif Muna
  1414 | D        | Identified Zaomusk's Compendium of Creative Unholy Rites (Sif Muna gifted it to you in the Dungeon)
  1414 | D        | Received a gift from Sif Muna
  1436 | D        | Killed a hellwing
  1436 | D        | Reached XP level 9. HP: 51/74 MP: 20/22
  1439 | D        | Killed an orc knight
  1439 | D        | Reached skill level 10 in Unarmed Combat
  1459 | D        | Learned a level 7 spell: Summon Greater Demon
  1627 | D        | Identified Sif Muna's Thaumaturgy, Part Three (Sif Muna gifted it to you in the Dungeon)
  1627 | D        | Received a gift from Sif Muna
  1638 | D        | Learned a level 3 spell: Tukima's Dance
  1734 | D        | Noticed a komodo dragon
  1734 | D        | Noticed a flayed ghost
  1742 | D        | HP: 2/90 [komodo dragon (26)]
  1749 | D        | Killed a komodo dragon
  1751 | D        | Killed a flayed ghost
  1751 | D        | Reached XP level 10. HP: 75/83 MP: 20/23
  1947 | D        | Noticed a spiny frog
  1954 | D        | Killed a spiny frog
  1955 | D        | Reached skill level 10 in Spellcasting
  1972 | D        | Reached skill level 10 in Transmutations
  1988 | D        | Noticed a molten gargoyle
  1999 | D        | Killed a molten gargoyle
  2191 | D        | Noticed a deep elf mage
  2203 | D        | Received a gift from Sif Muna
  2211 | D        | Reached skill level 10 in Dodging
  2219 | D        | Killed a deep elf mage
  2219 | D        | Reached skill level 10 in Fighting
  2455 | D        | Noticed Crazy Yiuf
  2455 | D        | Noticed an orc knight
  2463 | D        | Noticed an orc high priest
  2471 | D        | Reached skill level 10 in Translocations
  2475 | D        | Noticed a sixfirhy
  2475 | D        | Noticed a rust devil
  2479 | D        | Killed an orc high priest
  2479 | D        | Reached XP level 11. HP: 90/90 MP: 18/25
  2482 | D        | Killed Crazy Yiuf
  2483 | D        | Identified Sif Muna's Catalogue of Hurtful Black Secrets (Sif Muna gifted it to you in the Dungeon)
  2483 | D        | Received a gift from Sif Muna
  2490 | D        | Killed an orc knight
  2536 | D        | Learned a level 4 spell: Control Undead
  2544 | D        | Learned a level 7 spell: Spellforged Servitor
  2654 | D        | Identified Vuife's Grimoire of Unstable Aid (You found it in the Dungeon)
  2759 | D        | Noticed a great orb of eyes
  2768 | D        | Killed a great orb of eyes
  2777 | D        | Reached skill level 10 in Short Blades
  2777 | D        | Reached skill level 10 in Invocations
  2780 | D        | Reached skill level 10 in Long Blades
  2780 | D        | Reached skill level 10 in Poison Magic
  2809 | D        | Reached skill level 10 in Necromancy
  2809 | D        | Reached skill level 10 in Fire Magic
  2979 | D        | Noticed a manticore
  2982 | D        | Noticed a deep elf mage
  2990 | D        | Killed a manticore
  2990 | D        | Received a gift from Sif Muna
  2990 | D        | Reached skill level 10 in Polearms
  2990 | D        | Reached skill level 10 in Slings
  2994 | D        | Killed a deep elf mage
  2994 | D        | Reached ****** piety under Sif Muna
  2994 | D        | Reached skill level 10 in Armour
  2997 | D        | Identified Sif Muna's Almanac of the Lethal Blaze (Sif Muna gifted it to you in the Dungeon)
  3005 | D        | Noticed a deep elf mage
  3007 | D        | Noticed a deep elf knight
  3007 | D        | Noticed a deep elf mage
  3014 | D        | Noticed a deep elf mage
  3014 | D        | Killed a deep elf mage
  3014 | D        | Reached skill level 10 in Throwing
  3023 | D        | Killed a deep elf mage
  3023 | D        | Reached skill level 10 in Bows
  3023 | D        | Reached skill level 10 in Crossbows
  3023 | D        | Reached skill level 10 in Hexes
  3023 | D        | Reached skill level 10 in Charms
  3023 | D        | Reached skill level 10 in Summonings
  3024 | D        | Killed a deep elf mage
  3024 | D        | Reached skill level 10 in Staves
  3024 | D        | Reached skill level 10 in Evocations
  3026 | D        | Killed from afar by a deep elf knight

Vault maps used:
D:        pitsprint

Skill      XL: |  1  2  3  4  5  6  7  8  9 10 11 |
---------------+----------------------------------+-----
Slings         | 1 2 3 5 6 7 8 9 10 | 10.2
Throwing       | 1 2 3 4 5 6 8 9 10 | 10.1
Dodging        | 5 6 7 8 9 10 | 10.9
Spellcasting   | 5 6 7 8 9 10 11 | 11.3
Charms         | 1 2 3 4 5 6 7 8 9 10 | 10.0
Summonings     | 1 2 3 4 5 7 8 9 10 | 10.1
Necromancy     | 1 2 3 4 5 6 8 9 10 | 10.3
Invocations    | 1 2 3 4 5 6 7 8 9 10 | 10.4
Evocations     | 1 2 3 4 5 6 8 9 10 | 10.0
Translocations | 1 2 3 4 5 7 8 10 | 10.9
Ice Magic      | 1 2 3 4 5 6 7 8 9 |  9.6
Poison Magic   | 1 3 4 5 6 7 9 10 | 10.4
Short Blades   | 2 3 4 5 6 8 9 10 | 10.3
Long Blades    | 2 3 4 5 6 7 8 9 10 | 10.5
Crossbows      | 2 3 4 5 6 8 9 10 | 10.1
Fighting       | 3 4 5 7 8 9 10 | 10.8
Shields        | 2 3 4 5 6 7 9 |  9.7
Conjurations   | 1 2 3 5 6 7 9 |  9.9
Polearms       | 1 2 3 4 5 6 7 8 9 10 | 10.3
Axes           | 1 3 4 5 6 7 8 9 |  9.5
Maces & Flails | 1 2 3 5 6 7 9 |  9.7
Staves         | 1 2 3 4 5 6 7 8 10 | 10.0
Bows           | 2 3 4 5 6 8 10 | 10.0
Armour         | 1 2 3 4 5 6 7 9 10 | 10.3
Stealth        | 1 3 4 5 6 7 9 |  9.7
Transmutations | 5 6 7 8 9 10 11 | 11.2
Air Magic      | 1 2 3 4 5 6 7 8 9 |  9.9
Unarmed Combat | 7 8 9 10 11 | 11.6
Hexes          | 2 3 4 5 7 8 9 10 | 10.1
Fire Magic     | 2 3 4 5 6 7 8 10 | 10.4
Earth Magic    | 2 3 4 5 7 8 9 |  9.6

Action                   |  1- 3 |  4- 6 |  7- 9 | 10-12 || total
-------------------------+-------+-------+-------+-------++-------
Melee: Unarmed           |    42 |    28 |    68 |   104 ||   242
       Punch             |     2 |     1 |       |     3 ||     6
       Bite              |     5 |     3 |       |     3 ||    11
       Headbutt          |     2 |     1 |       |       ||     3
       Kick              |     1 |       |       |       ||     1
 Cast: Beastly Appendage |     5 |     1 |       |       ||     6
       Ice Form          |       |     1 |     4 |     4 ||     9
       Tukima's Dance    |       |       |       |     7 ||     7
       Summon Greater De |       |       |       |     6 ||     6
       Blade Hands       |       |       |       |     2 ||     2
  Use: Potion            |     1 |       |    16 |     6 ||    23
       Scroll            |       |       |     3 |       ||     3
 Stab: Distracted        |       |       |     1 |       ||     1
       Sleeping          |       |       |       |     2 ||     2
  Eat: Meat ration       |       |       |     2 |     2 ||     4
Armor: Robe              |     4 |     1 |       |     4 ||     9
       Skin              |       |     3 |    16 |    18 ||    37
Dodge: Dodged            |    39 |     8 |    65 |   130 ||   242

Table legend:
 A = Spawn XP
 B = Non-spawn XP
 C = Spawn XP percentage of total XP
 D = Spawn monster count
 E = Non-spawn monster count
 F = Spawn count percentage of total count
 G = Total turns spent on level
                    A         B        C        D         E        F      G
               +---------+---------+-------+---------+---------+-------+---------
         Total |       0 |   15198 |   0.0 |       0 |      96 |   0.0 |  3026
               +---------+---------+-------+---------+---------+-------+---------
             D |       0 |   15198 |   0.0 |       0 |      96 |   0.0 |  3026
               +---------+---------+-------+---------+---------+-------+---------
